 Dungeon Sprint DCSS version 0.21-a0-400-g417d9d2 (webtiles) character file.

992 Kidiri the Thaumaturge (level 7, -2/39 HPs)
             Began as a Deep Elf Fire Elementalist on Oct 20, 2017.
             Was a Follower of Vehumet.
             Killed from afar by a jelly (41 damage)
             ... with an exploding inner flame
             ... hexed by the player character
             ... in the Dungeon (Sprint III: "The Ten Rune Challenge").
             The game lasted 00:06:19 (855 turns).

Kidiri the Thaumaturge (Deep Elf Fire Elementalist)  Turns: 855, Time: 00:06:20

Health: -2/39      AC:  4    Str:  5    XL:     7   Next: 98%
Magic:  17/26      EV: 13    Int: 22    God:    Vehumet [*.....]
Gold:   38         SH:  0    Dex: 15    Spells: 13/34 levels left

rFire    . . .     SeeInvis .   w - +4 dagger
rCold    . . .     Gourm    .   (no shield)
rNeg     . . .     Faith    .   a - +0 robe
rPois    .         Spirit   .   (no helmet)
rElec    .         Reflect  .   l - +0 cloak (curse)
rCorr    .         Harm     .   (no gloves)
MR       .....     NoTele   +   k - +0 pair of boots
Stlth    ++........             (no amulet)
HPRegen  0.13/turn              (no ring)
MPRegen  0.20/turn              (no ring)

@: no status effects
A: blink, mutation resistance 1, robust 1
a: Blink, Renounce Religion


You were in the Dungeon.
You worshipped Vehumet.
Vehumet was aware of your devotion.
You were not hungry.

You visited 1 branch You collected 38 gold pieces.

Inventory:

Hand Weapons
 w - a +4 dagger (weapon)
Armour
 a - a +0 robe (worn)
 k - a +0 pair of boots (worn)
 l - a cursed +0 cloak (worn)
Wands
 j - a wand of digging (12/24)
Scrolls
 i - a scroll of blinking
 o - a scroll of torment
 q - 2 scrolls of remove curse
 t - a scroll of enchant armour
Potions
 d - a potion of curing
 e - a potion of heal wounds
 f - a potion of haste
 g - 3 potions of magic
 h - 2 potions of berserk rage
 n - 3 potions of mutation
 s - a potion of flight
Comestibles
 c - 2 bread rations
 m - a chunk of flesh
 r - a royal jelly


   Skills:
 - Level 2.4 Dodging
 - Level 2.4 Stealth
 * Level 14.0 Spellcasting
 + Level 8.8 Conjurations
 + Level 9.2 Fire Magic
 + Level 5.3 Air Magic
 + Level 5.6 Poison Magic


You had 13 spell levels left.
You knew the following spells:

 Your Spells              Type           Power        Failure   Level  Hunger
a - Flame Tongue          Conj/Fire      #####        1%          1    None
b - Throw Flame           Conj/Fire      ######       1%          2    None
c - Conjure Flame         Conj/Fire      ######..     1%          3    None
d - Inner Flame           Hex/Fire       #####...     1%          3    None
e - Sticky Flame          Conj/Fire      ######..     1%          4    None
f - Fireball              Conj/Fire      ######....   2%          5    ###....
g - Mephitic Cloud        Conj/Pois/Air  #####...     1%          3    None


Dungeon Overview and Level Annotations

Branches:
Dungeon (1/1)

Altars:
Dithmenos
Elyvilon
Kikubaaqudgha
Okawaru
Ru
Sif Muna
Trog
Uskayaw
Vehumet
Wu Jian
Yredelemnul
Zin
The Shining One
Beogh


Innate Abilities, Weirdness & Mutations

You can translocate small distances at will.
You are somewhat resistant to further mutation.
You are robust. (+10% HP)


Message History

Aiming: Inner Flame
Press: ? - help, Shift-Dir - straight line, f/p - jelly
Aim: a jelly (chance to defeat MR: 92%)
The jelly is filled with an inner flame.
Unknown command.
Casting: Inner Flame
Confirm with . or Enter, or press ? or * to list all spells.
Aiming: Flame Tongue
Press: ? - help, Shift-Dir - straight line, f/p - jelly
Aim: a jelly (flame, inner flame)
The flame tongue hits the jelly.
The jelly is lightly wounded.
The shadow slips into darkness.
The shadow flickers and vanishes!
Deactivating autopickup; reactivate with Ctrl-A.
The jelly is engulfed in blazing flames.
The jelly explodes!
The fiery explosion engulfs you!
Ouch! That really hurt!
You die...

▓▓▓
##.############
####..#___#___#__#
#..#..#...#__.#._#
#..#..###+#+###+##
##+#..#..........#
###...'.⌠......§@#
###...#...######§#
##....#.⌠.# §{#
#.....#...# ...#
......#+### #...#
#.....#..[# #..%+
##....#___# +...#
▓▓▓▓▓▓▓▓▓▓ ▓▓▓▓▓


There were no monsters in sight!

Vanquished Creatures
  A deep elf mage (D)
  A necrophage (D)
  A water elemental (D)
  Crazy Yiuf (D)
  A wizard (D)
  Jessica (D)
  A necromancer (D)
  A kobold demonologist (D)
  3 humans (D)
  2 oozes (D)
  A rat (D)
14 creatures vanquished.

Vanquished Creatures (others)
  2 draconian scorchers (D)
  A hydra (D)
  6 hellions (D)
  A yaktaur (D)
  6 plants (D)
16 creatures vanquished.

Grand Total: 30 creatures vanquished

Notes
Turn   | Place    | Note
-------+----------+-------------------------------------------
     0 | D        | Kidiri the Deep Elf Fire Elementalist began the quest for the Orb.
     0 | D        | Reached XP level 1. HP: 10/10 MP: 6/6
    11 | D        | Reached skill level 4 in Spellcasting
    70 | D        | Reached XP level 2. HP: 15/15 MP: 5/9
    74 | D        | Learned a level 2 spell: Throw Flame
    75 | D        | Killed a hellion
   105 | D        | Killed a hellion
   106 | D        | Killed a hellion
   117 | D        | Reached skill level 5 in Spellcasting
   121 | D        | Killed a hellion
   124 | D        | Killed a yaktaur
   134 | D        | Killed a hellion
   142 | D        | Noticed Jessica
   143 | D        | Killed a hellion
   144 | D        | Killed Jessica
   144 | D        | Reached skill level 6 in Spellcasting
   144 | D        | Reached XP level 3. HP: 19/19 MP: 10/13
   149 | D        | Learned a level 3 spell: Conjure Flame
   153 | D        | Learned a level 3 spell: Inner Flame
   168 | D        | Killed an eight-headed hydra
   173 | D        | Noticed Crazy Yiuf
   186 | D        | Reached skill level 7 in Spellcasting
   186 | D        | Reached skill level 5 in Fire Magic
   229 | D        | Killed a white draconian scorcher
   246 | D        | Killed Crazy Yiuf
   246 | D        | Reached skill level 8 in Spellcasting
   246 | D        | Reached XP level 4. HP: 24/24 MP: 12/16
   286 | D        | Gained mutation: Your magical capacity is low. (-10% MP) [potion of mutation]
   286 | D        | Gained mutation: You are robust. (+10% HP) [potion of mutation]
   287 | D        | Lost mutation: Your magical capacity is low. (-10% MP) [potion of mutation]
   287 | D        | Gained mutation: You can translocate small distances at will. [potion of mutation]
   287 | D        | Gained mutation: You are somewhat resistant to further mutation. [potion of mutation]
   296 | D        | Learned a level 4 spell: Sticky Flame
   305 | D        | Killed a white draconian scorcher
   308 | D        | Noticed a water elemental
   310 | D        | Killed a water elemental
   310 | D        | Reached skill level 9 in Spellcasting
   310 | D        | Reached skill level 5 in Conjurations
   310 | D        | Reached XP level 5. HP: 30/30 MP: 12/19
   351 | D        | Found a radiant altar of Vehumet.
   352 | D        | Found a deep blue altar of Sif Muna.
   352 | D        | Found an ancient bone altar of Kikubaaqudgha.
   353 | D        | Reached skill level 10 in Spellcasting
   375 | D        | Learned a level 5 spell: Fireball
   379 | D        | Learned a level 3 spell: Mephitic Cloud
   385 | D        | Became a worshipper of Vehumet
   517 | D        | Found a glowing silver altar of Zin.
   518 | D        | Found a glowing golden altar of the Shining One.
   518 | D        | Found a white marble altar of Elyvilon.
   518 | D        | Noticed a deep elf mage
   525 | D        | Killed a deep elf mage
   525 | D        | Reached skill level 13 in Spellcasting
   525 | D        | Reached XP level 6. HP: 35/35 MP: 9/24
   525 | D        | Reached XP level 7. HP: 39/39 MP: 9/25
   668 | D        | Found an ornate altar of the Wu Jian Council.
   668 | D        | Found a roughly hewn altar of Beogh.
   668 | D        | Found an iron altar of Okawaru.
   668 | D        | Found a bloodstained altar of Trog.
   668 | D        | Found a hide-covered altar of Uskayaw.
   668 | D        | Noticed a human
   669 | D        | Noticed a human
   675 | D        | Killed a human
   675 | D        | Killed a human
   675 | D        | Reached skill level 5 in Poison Magic
   675 | D        | Reached * piety under Vehumet
   675 | D        | Offered knowledge of Sting by Vehumet.
   675 | D        | Reached skill level 5 in Air Magic
   754 | D        | Found a basalt altar of Yredelemnul.
   754 | D        | Found a shadowy altar of Dithmenos.
   754 | D        | Found a sacrificial altar of Ru.
   762 | D        | Reached skill level 14 in Spellcasting
   854 | D        | Noticed a shadow
   855 | D        | Killed from afar by a jelly

Vault maps used:
D:        dungeon_sprint_mu

Skill      XL: |  1  2  3  4  5  6  7 |
---------------+----------------------+-----
Spellcasting   | 4 6 8 9 13 14 | 14.0
Conjurations   | 2 3 4 5 8 |  8.8
Fire Magic     | 4 5 6 8 9 |  9.2
Air Magic      | 4 5 |  5.3
Poison Magic   | 4 5 |  5.6
Dodging        | |  2.4
Stealth        | |  2.4

Action                   |  1- 3 |  4- 6 |  7- 9 || total
-------------------------+-------+-------+-------++-------
 Cast: Flame Tongue      |    18 |     8 |     8 ||    34
       Conjure Flame     |       |     1 |     3 ||     4
       Sticky Flame      |       |     3 |       ||     3
       Mephitic Cloud    |       |     1 |     1 ||     2
       Inner Flame       |       |       |     6 ||     6
       Fireball          |       |       |     1 ||     1
  Use: Potion            |       |     2 |       ||     2
       Scroll            |       |     3 |       ||     3
Armor: Robe              |       |     2 |       ||     2
Dodge: Dodged            |     4 |     1 |       ||     5

Table legend:
 A = Spawn XP
 B = Non-spawn XP
 C = Spawn XP percentage of total XP
 D = Spawn monster count
 E = Non-spawn monster count
 F = Spawn count percentage of total count
 G = Total turns spent on level
                    A         B        C        D         E        F      G
               +---------+---------+-------+---------+---------+-------+---------
         Total |       0 |    1418 |   0.0 |       0 |      14 |   0.0 |   855
               +---------+---------+-------+---------+---------+-------+---------
             D |       0 |    1418 |   0.0 |       0 |      14 |   0.0 |   855
               +---------+---------+-------+---------+---------+-------+---------
